 Dungeon Crawl Stone Soup version 0.28-a0-313-gbc0475efdd (webtiles) character file.

Game seed: 7444208067553158895

39 robertstho the Skirmisher (level 3, -3/30 HPs)
             Began as a Djinni Cinder Acolyte on Aug 31, 2021.
             Was an Elder of Ignis.
             Slain by a wight (6 damage)
             ... on level 3 of the Dungeon.
             The game lasted 00:03:53 (2844 turns).

robertstho the Skirmisher (Djinni Cinder Acolyte)   Turns: 2844, Time: 00:03:53

Health: -3/30      AC:  4    Str: 14    XL:     3   Next: 70%
Gold:   75         EV: 11    Int: 15    God:    Ignis [****..] SH:  0 Dex:  8

rFire   + + +      SeeInvis .   a - -1 short sword (flame)
rCold   . . .      Faith    .   (no shield)
rNeg    . . .      Spirit   .   k - +1 robe {rC+ rF+}
rPois   ∞          Reflect  .   (no helmet)
rElec   .          Harm     .   (no cloak)
rCorr   .          Rampage  .   i - +0 pair of gloves
Will    .....                   (boots unavailable)
Stlth   +.........              (no amulet)
HPRegen 0.10/turn               (no ring)
MPRegen 0.00/turn               (no ring)

@: flying
A: sickness immunity, fire resistance 2, cold vulnerability 1, float, innate
caster, hp casting, extra vitality 1
a: Renounce Religion, Sea of Fire, Foxfire Swarm, Rising Flame


You were on level 3 of the Dungeon.
You worshipped Ignis.
Ignis was greatly pleased with you.
You visited 1 branch of the dungeon, and saw 3 of its levels.

You collected 75 gold pieces.

Inventory:

Hand Weapons
 a - a -1 short sword of flaming (weapon)
Armour
 i - a +0 pair of gloves (worn)
 k - a +1 robe of resistance (worn)
Wands
 l - a wand of polymorph (12)
Scrolls
 b - a scroll of enchant weapon {unknown}
 d - a scroll of fog
 f - a scroll of magic mapping
 j - a scroll of holy word {unknown}
 n - a scroll of teleportation {unknown}
Potions
 c - 2 potions of attraction {unknown}
 e - a potion of degeneration {unknown}
 g - a potion of berserk rage {unknown}
 h - a potion of might {unknown}
 m - a potion of cancellation {unknown}


   Skills:
 * Level 3.6 Fighting
 + Level 3.2 Short Blades
 + Level 0.5 Dodging
 * Level 1.2 Spellcasting


You had 2 spell levels left.
You knew the following spells:

 Your Spells              Type           Power      Damage    Failure   Level
a - Foxfire               Conj/Fire      16%        2x1d4     14%         1
b - Shock                 Conj/Air       16%        1d4       14%         1
Your spell library was empty.

Dungeon Overview and Level Annotations

Branches:
Dungeon (3/15)

Altars:
Gozag


Innate Abilities, Weirdness & Mutations

You are immune to sickness and miasma.
You are immune to poison.
Your flesh is very heat resistant. (rF++)
You are vulnerable to cold. (rC-)
You float through the air rather than walking.
You learn spells naturally, not from books.
Your magical power is your life essence.
You have superior vitality. (+4 HP)


Message History

The wight is heavily damaged.
The wight hits you with a +0 dagger!
Casting: Foxfire (safe; 14% risk of failure)
Press: ? - help, Q - select action, (/) - cycle Dir - look around, f - activate You conjure some foxfire!
The foxfire hits the wight but does no damage.
The wight is heavily damaged.
The foxfire hits the wight.
The wight is heavily damaged.
The wight barely misses you.
Casting: Foxfire (safe; 14% risk of failure)
Confirm with . or Enter, or press ? or * to list all spells.
Aiming: Shock (safe; 14% risk of failure)
Press: ? - help, Shift-Dir - straight line, f - wight
Aim: a wight, wielding a +0 dagger and wearing a +0 robe (heavily damaged, ally target, 64% to hit)
The zap hits the wight.
The wight is heavily damaged.
The foxfire hits the wight but does no damage.
The wight is heavily damaged.
The foxfire hits the wight.
The wight is severely damaged.
The wight hits you with a +0 dagger.
Casting: Shock (safe; 14% risk of failure)
Confirm with . or Enter, or press ? or * to list all spells.
Aiming: Shock (safe; 14% risk of failure)
Press: ? - help, Shift-Dir - straight line, f/p - wight
Aim: a wight, wielding a +0 dagger and wearing a +0 robe (severely damaged, 64% to hit)
The zap misses the wight.
The wight hits you with a +0 dagger!
* * * LOW HITPOINT WARNING * * *
Unknown command.
Casting: Shock (safe; 14% risk of failure)
Confirm with . or Enter, or press ? or * to list all spells.
Aiming: Shock (safe; 14% risk of failure)
Press: ? - help, Shift-Dir - straight line, f/p - wight
Aim: a wight, wielding a +0 dagger and wearing a +0 robe (severely damaged, 64% to hit)
The zap hits the wight.
The wight is almost destroyed.
* * * LOW HITPOINT WARNING * * *
The wight hits you with a +0 dagger.
You die...

#.#...# ## #.##### $
#.# #.#.# # #.#.#####
.# ..###.......###.#
...........>....#
.######.#.....##
........z@....##
######.#.......#
#.##...##.# ..##..## .
#####..# #...#####..#
#.........#
#######...############
#####.......<.......


You could see a wight.

Vanquished Creatures
  5 bats
  4 endoplasms
  2 giant cockroaches (D:1)
  3 goblins
  5 hobgoblins
  A quokka (D:1)
  6 ball pythons
  2 frilled lizards
  5 kobolds
  2 rats (D:1)
35 creatures vanquished.

Vanquished Creatures (others)
  110 foxfires
110 creatures vanquished.

Grand Total: 145 creatures vanquished

Notes
Turn   | Place    | Note
-------+----------+-------------------------------------------
     0 | D:1      | robertstho the Djinni Cinder Acolyte began the quest for
                  | the Orb.
     0 | D:1      | Reached XP level 1. HP: 20/20 MP: 0/0
   346 | D:1      | Reached XP level 2. HP: 25/25 MP: 0/0
   346 | D:1      | Noticed a shining eye
   347 | D:1      | Found a faded altar of an unknown god.
   382 | D:1      | Noticed a great orb of eyes
   391 | D:1      | Noticed a golden eye
  1097 | D:1      | Noticed an eye of devastation
  1214 | D:2      | Reached XP level 3. HP: 27/30 MP: 0/0
  1214 | D:2      | Learned a level 1 spell: Shock
  1699 | D:3      | Found an opulent altar of Gozag.
  1699 | D:3      | Noticed a wight
  1699 | D:3      | Noticed a wight
  2844 | D:3      | Slain by a wight

Illustrated notes

Levels and vault maps discovered:
D:1:      tarquinn_simple_flora_water_a, layout_basic, serial_forest,
          infiniplex_forest_clump_small, infiniplex_forest_straight_3,
          infiniplex_forest_lined_room_3, infiniplex_forest_diagonal,
          infiniplex_forest_end_1, infiniplex_forest_lined_3,
          hellmonk_ecumenical_altar_watching_god
D:2:      layout_basic
D:3:      layout_loops_ring, nicolae_gozag_conspicuous_consumption,
          mainiacjoe_overflow_surrounded_room, kennysheep_cross_room,
          uniq_grinder

Skill      XL: |  1  2 |
---------------+-------+-----
Short Blades   | 3 |  3.2
Fighting       | |  3.6
Dodging        | |  0.5
Spellcasting   | |  1.2

Action                   || total
-------------------------++-------
Melee: Short sword       ||    41
 Cast: Foxfire           ||    66
       Shock             ||     3
Invok: Sea of Fire       ||     1
       Rising Flame      ||     1
  Use: Scroll            ||     2
Armor: Robe              ||    20
Dodge: Dodged            ||    42

Table legend: (Time is in decaauts)
 A = Elapsed time spent in this place.
 B = Non-inter-level travel time spent in this place.
 C = Inter-level travel time spent in this place.
 D = Time resting spent in this place.
 E = Time spent auto-exploring this place.
 F = Levels seen in this place.
 G = Mean time per level.
                   A        B        C        D        E       F      G
               +--------+--------+--------+--------+--------+-----+--------+
         Total |   2842 |   2683 |    159 |    266 |   2102 |   3 |  947.3 |
       Dungeon |   2842 |   2683 |    159 |    266 |   2102 |   3 |  947.3 |
               +--------+--------+--------+--------+--------+-----+--------+

Top non-repeatable levels by time:
     D:2: 1407 daAuts
     D:1: 1192 daAuts
     D:3: 243 daAuts
